 Dungeon Crawl Stone Soup version 0.31-a0-149-g3fdcc5976a (webtiles) character file.

Game seed: 12319255511023852535

249206 Drazool the Spry (level 18, -8/98 HPs)
             Began as a Spriggan Hunter on June 7, 2023.
             Was a High Priest of Fedhas.
             Killed from afar by Margery (55 damage)
             ... with a bolt of fire
             ... on level 2 of the Vaults.
             The game lasted 02:10:32 (34528 turns).

Drazool the Spry (Spriggan Hunter)                 Turns: 34528, Time: 02:10:32

Health: -8/98      AC: 11    Str:  7    XL:     18   Next: 87%
Magic:  19/30      EV: 55    Int: 10    God:    Fedhas [*****.]
Gold:   1025       SH:  9    Dex: 27    Spells: 14/17 levels left

rFire   . . .        a - +8 hand crossbow (flame)
rCold   . . .        V - +2 buckler
rNeg    . . .        B - +2 troll leather armour
rPois   .            (helmet restricted)
rElec   .            r - +2 cloak
rCorr   .            (gloves unavailable)
SInv    +            (boots unavailable)
Will    +++..        o - amulet of the acrobat
Stlth   ++           Y - +4 ring of slaying
HPRegen 1.16/turn    L - ring of flight
MPRegen 0.22/turn

%: acrobat
@: about to teleport, acrobatic, flying, very quick
A: very small, no large weapons, unfitting armour, see invisible, speed 3
}: 2/15 runes: decaying, serpentine
a: Renounce Religion, Wall of Briars, Grow Ballistomycete, Overgrow, Grow Oklob


You were on level 2 of the Vaults.
You worshipped Fedhas.
Fedhas was extremely pleased with you.
You visited 7 branches of the dungeon, and saw 33 of its levels.
You also visited: Ice Cave and Volcano.

You collected 3184 gold pieces.
You spent 2159 gold pieces at shops.


Innate Abilities, Weirdness & Mutations

You are very small and have problems with some larger weapons.
You are too small for most types of armour.
You have supernaturally acute eyesight. (SInv)
You cover ground extremely quickly. (Speed+++)


   Skills:
 - Level 11.9 Fighting
 - Level 18.0 Ranged Weapons
 + Level 11.6 Armour
 - Level 20.9 Dodging
 - Level 1.5 Stealth
 + Level 7.0 Shields
 - Level 6.8 Hexes
 - Level 8.2 Translocations
 - Level 15.0 Invocations
 - Level 11.8 Evocations


You had 14 spell levels left.
You knew the following spells:

 Your Spells              Type           Power      Damage    Failure   Level
o - Portal Projectile     Hex/Tloc       30%        N/A       11%         3

Your spell library contained the following spells:

 Spells                   Type           Power      Damage    Failure   Level
 Apportation              Tloc           32%        N/A       2%          1
 Slow                     Hex            52%        N/A       4%          1
 Confusing Touch          Hex            13%        N/A       14%         3
 Passage of Golubria      Tloc           16%        N/A       26%         4
 Vhi's Electric Charge    Tloc/Air       16%        N/A       38%         3
 Inner Flame              Hex/Fire       6%         N/A       50%         3
 Beastly Appendage        Tmut           0%         N/A       58%         1
 Foxfire                  Conj/Fire      0%         2x1d4     58%         1
 Freeze                   Ice            0%         1d3       58%         1
 Magic Dart               Conj           0%         1d3       58%         1
 Necrotise                Necr           0%         1d4       58%         1
 Shock                    Conj/Air       0%         1d3       58%         1
 Sting                    Tmut/Pois      0%         1d3       58%         1
 Summon Small Mammal      Summ           0%         N/A       58%         1
 Call Imp                 Summ           0%         N/A       75%         2
 Cigotuvi's Dreadful Rot  Necr/Pois/Air  0%         N/A       75%         2
 Poisonous Vapours        Pois/Air       0%         N/A       75%         2
 Scorch                   Fire           0%         2d5       75%         2
 Static Discharge         Conj/Air       0%         2-2/arc   75%         2
 Leda's Liquefaction      Hex/Erth       3%         N/A       88%         4
 Call Canine Familiar     Summ           0%         N/A       92%         3
 Ignite Poison            Fire/Tmut/Pois 0%         N/A       92%         3
 Mephitic Cloud           Conj/Pois/Air  0%         N/A       92%         3
 Swiftness                Air            0%         N/A       92%         3
 Vampiric Draining        Necr           0%         2d6       92%         3
 Silence                  Hex/Air        3%         N/A       99%         5
 Yara's Violent Unravell  Hex/Tmut       3%         3d4       99%         5
 Airstrike                Air            0%         2d(0-16)  100%        4
 Flame Wave               Conj/Fire      0%         2d4       100%        4
 Olgreb's Toxic Radiance  Pois           0%         N/A       100%        4
 Sticky Flame             Conj/Fire      0%         2d3       100%        4
 Summon Lightning Spire   Summ/Air       0%         N/A       100%        4
 Arcjolt                  Conj/Air       0%         1d10      100%        5
 Freezing Cloud           Conj/Ice/Air   0%         6-21      100%        5
 Plasma Beam              Fire/Air       0%         2x1d10    100%        6
 Summon Cactus Giant      Summ           0%         N/A       100%        6
 Enfeeble                 Hex            6%         N/A       100%        7
 Discord                  Hex            6%         N/A       100%        8
 Ignition                 Fire           0%         3d3       100%        8
 Lehudib's Crystal Spear  Conj/Erth      0%         10d2      100%        8

Inventory:

Hand Weapons
 a - a +8 hand crossbow of flaming (weapon)
 U - a +2 heavy orcbow
Missiles
 w - 8 curare-tipped darts {=f}
 M - 3 throwing nets {=f}
Armour
 b - +0 swamp dragon scales
 r - a +2 cloak (worn)
 B - a +2 troll leather armour (worn)
 J - the +6 buckler of Altruism {rC++ Str-4}
   (You acquired it on level 4 of the Snake Pit)

   Str:       It affects your strength (-4).
   rC:        It greatly protects you from cold.
 V - a +2 buckler (worn)
Jewellery
 f - a ring of protection from fire
 o - an amulet of the acrobat (around neck)
 z - the ring of Lust {EV+5 Int+4}
   (You found it on level 1 of the Lair of Beasts)

   [ring of evasion]

   EV:        It affects your evasion (+5).
   Int:       It affects your intelligence (+4).
 C - a ring of protection from cold
 L - a ring of flight (right hand)
 S - a +6 ring of strength
 T - a +4 ring of protection
 Y - a +4 ring of slaying (left hand)
 Z - a ring of wizardry
Wands
 e - a wand of flame (68)
 p - a wand of polymorph (8)
 t - a wand of paralysis (24)
 x - a wand of roots (30)
 F - a wand of acid (25)
Scrolls
 c - 2 scrolls of blinking
 l - 3 scrolls of poison
 s - 5 scrolls of amnesia
 u - 2 scrolls of fear
 v - 2 scrolls of magic mapping
 y - 3 scrolls of fog
 A - 10 scrolls of teleportation {@r2}
 D - 4 scrolls of butterflies
 E - a scroll of brand weapon
 H - 2 scrolls of enchant armour
 Q - a scroll of enchant weapon
 R - 3 scrolls of immolation
 X - 9 scrolls of identify {@r1}
Potions
 d - 4 potions of enlightenment
 g - 8 potions of curing {@q1}
 h - 6 potions of might
 i - 3 potions of resistance
 j - 4 potions of attraction
 k - 3 potions of magic
 m - 8 potions of brilliance
 n - 5 potions of heal wounds {@q2}
 q - 6 potions of lignification
 I - 2 potions of berserk rage {!q}
 K - 3 potions of invisibility
 N - 7 potions of haste {@q3}
 P - a potion of mutation
 W - a potion of cancellation
Miscellaneous
 G - a phial of floods
 O - a sack of spiders (inert)

Dungeon Overview and Level Annotations

Branches:
Dungeon (15/15)            Temple (1/1) D:4            Lair (5/5) D:8
  Swamp (4/4) Lair:3        Snake (4/4) Lair:2        Slime (0/5) Lair:4
    Orc (2/2) D:9             Elf (0/3) Orc:2        Vaults (2/5) D:14
 Depths (0/4) D:15          IceCv (visited)         Volcano (visited)
  Crypt: Vaults:2-3

Altars:
Ashenzari
Dithmenos
Elyvilon
Fedhas
Hepliaklqana
Makhleb
Nemelex Xobeh
Ru
Trog
Uskayaw
Yredelemnul
Zin
The Shining One

Shops:
D:3 !   D:4 =   D:5 :   D:9 *   D:11 [   Orc:2 [(*:!   Snake:1 [   Snake:3 (
Vaults:2 *!

Annotations:
D:12 6 runed translucent doors
D:15 2 transporters, Bekih's ghost, journeyman TeAE
Vaults:2 Margery

▒▒▒▒.▒.▒▒▒.▒.▒
+..+..+..'.▒
▒▒▒▒.▒.▒▒▒.▒.▒
+.▒.▒▒▒.▒.▒▒▒▒
▒.+..'..'[.+
▒.▒.▒▒▒.▒.▒▒
▒▒▒▒+▒▒▒▒▒+▒▒
▒...P.P.....▒
▒.PPpo.@§...▒
▒.P)p@pp....▒
▒.∩=).......▒
▒...........▒
▒..)........▒
▒.O.........+
▒...........▒
▒J▒++▒▒▒▒▒▒▒▒
.....▒


You could see Margery (strong, very poisoned, corroded, ally target), an orc
warlord (corroded, ally target), a vault warden, an ironbound thunderhulk, a
slime creature, an ironbound frostheart (strong, ally target), a vault sentinel
and an ironbound convoker.


Message History

An ironbound thunderhulk comes into view.
It is wielding a +0 great mace.
The orc warlord hits your oklob plant with a +0 war axe!
The orc warlord hits your briar patch with a +0 war axe!!
The orc warlord hits your briar patch with a +0 war axe.
Margery hits your oklob plant with a +3 broad axe of distortion!!
Space warps around your oklob plant.
Your oklob plant spits acid at the orc warlord.
The splash of acid hits the orc warlord!
The orc warlord seems to be corroded for longer.
Unknown command.
You feel much better. The ironbound frostheart touches you!!
The ironbound frostheart freezes you!!
The ironbound convoker hits you with a +0 morningstar.
* * * LOW HITPOINT WARNING * * *
The orc warlord hits your oklob plant with a +0 war axe!
Your oklob plant is destroyed!
Your oklob plant disappears in a puff of smoke!
The orc warlord hits your briar patch with a +0 war axe!!
Your briar patch is destroyed!
Your briar patch disappears in a puff of smoke!
The orc warlord hits your briar patch with a +0 war axe!
Unknown command.
The ironbound frostheart completely misses you.
A slime creature comes into view.
The ironbound convoker barely misses you.
Margery gestures at you while chanting. The bolt of fire hits you!!!
Ouch! That really hurt!
You die...
Fedhas appreciates your contribution to the ecosystem.

Skill      XL: |  1  2  3  4  5  6  7  8  9 10 11 12 13 14 15 16 17 18 |
---------------+-------------------------------------------------------+-----
Ranged Weapons | 5 6 12 15 16 17 18 | 18.0
Dodging        | 5 6 9 12 16 18 19 20 | 20.9
Fighting       | 2 3 4 5 7 9 10 11 | 11.9
Invocations    | 3 6 7 9 11 12 13 15 | 15.0
Evocations     | 5 8 10 11 | 11.8
Armour         | 8 11 | 11.6
Translocations | 8 |  8.2
Hexes          | 6 |  6.8
Shields        | 2 7 |  7.0
Stealth        | |  1.5

Action                     |  1- 3 |  4- 6 |  7- 9 | 10-12 | 13-15 | 16-18 || total
---------------------------+-------+-------+-------+-------+-------+-------++-------
   Fire: Shortbow          |    79 |   208 |   385 |    18 |       |       ||   690
         Orcbow            |       |       |       |   457 |   387 |       ||   844
         Arbalest          |       |       |       |     9 |       |       ||     9
         Hand crossbow     |       |       |       |       |   787 |  1140 ||  1927
 Invoke: Wall of Briars    |       |       |     4 |    14 |    21 |    45 ||    84
         Grow Oklob        |       |       |       |       |     3 |     7 ||    10
         Overgrow          |       |       |       |       |       |     1 ||     1
  Evoke: Wand              |       |     1 |     5 |       |       |       ||     6
    Use: Scroll            |       |     7 |     7 |     6 |    10 |     8 ||    38
         Potion            |       |       |     2 |     2 |       |     5 ||     9
 Armour: Robe              |     2 |     2 |    13 |     4 |     4 |       ||    25
         Troll leather arm |       |       |       |       |     1 |     9 ||    10
         Swamp dragon scal |       |       |       |       |       |    10 ||    10
  Dodge: Dodged            |     9 |    31 |   112 |   139 |   179 |   331 ||   801
  Block: Buckler           |       |       |       |       |       |    30 ||    30

Levels and vault maps discovered:
D:1:      shiori_arrival_whats_in_store_for_you, layout_basic, minmay_tripent
D:2:      layout_basic
D:3:      layout_loops_corners, nicolae_overflow_crystal_walls, serial_shops,
          nicolae_shop_industrial_runoff, uniq_natasha
D:4:      layout_basic, minitemple, temple_fountains, serial_shops,
          kennysheep_mini
D:5:      mumra_celtic_spiral_tile, layout_loops_corners, serial_shops, shop,
          kennysheep_path_1, kennysheep_minor_cross,
          chequers_serial_rivers_micro_e, uniq_eustachio
D:6:      layout_cave_pods, makhleb_blood_cavern_becter,
          hangedman_decor_clover_reticule
D:7:      layout_rooms, kennysheep_little_box
D:8:      layout_rooms, mainiacjoe_overflow_concentric_impassable,
          dpeg_oklobed_lair, minmay_misc_feat_columns, minmay_manual_mares
D:9:      layout_rooms, serial_shops, shop
D:10:     layout_gridville, minmay_sticks_and_stones, uniq_erica, uniq_psyche
D:11:     nicolae_cairo_tiling, layout_basic, serial_shops, shop_fountains,
          serial_bayou_crossing
D:12:     kennysheep_treasure_stockpile, layout_loops_ring,
          portal_ice_cave_rime, nicolae_ru_awakened_eye
D:13:     giant_chief_lemuel, layout_rooms
D:14:     layout_basic, grunt_vaults_entry_fortified,
          chequers_serial_rivers_micro_c
D:15:     gammafunk_depths_entry_grave, layout_irregular_city,
          gammafunk_ghost_arena, dreamdust_wishing_well, uniq_louise
Temple:   hellmonk_temple_forest_ring
Lair:1:   statuecave_lemuel, layout_cave_pods
Lair:2:   layout_cave_shapes, minmay_snake_entry_guardpost_medium,
          grunt_megastairs_3
Lair:3:   layout_regular_city, minmay_swamp_entry_worms, columned_hall_lemuel
Lair:4:   layout_concentric_octagons, minmay_slime_entry_pillars,
          nicolae_volcano_entry_hallway, lemuel_fruit_fields
Lair:5:   cheibrodos_lair_end_hotspot, layout_regular_city, ice2_lemuel
Swamp:1:  layout_falls_marsh, evilmike_swamp_ruin_wall
Swamp:2:  layout_basic_swamp, nicolae_swamp_orc_logging_accident,
          nicolae_swamp_stair_fork, swamp_pool5, infiniplex_staircase_pool
Swamp:3:  layout_falls_marsh, evilmike_swamp_ruin_house_2, swamp_pool2
Swamp:4:  swamp_basic_johnstein, layout_basic_swamp,
          nicolae_swamp_stuck_in_the_mud
Snake:1:  layout_cave_shapes, serial_shops, nicolae_shop_waterfront,
          grunt_megastairs_2, uniq_jorgrun
Snake:2:  layout_misc_corridors, grunt_ministairs_2, nicolae_snake_biting_tails,
          uniq_vashnia
Snake:3:  layout_onion, serial_shops, nicolae_diamond_shop, uniq_donald
Snake:4:  johnstein_snake_rune_scales, layout_basic, basic_altar, drop_trap,
          st_stairs_5, serial_bayou_shore_b
Orc:1:    layout_caves
Orc:2:    grunt_orc_cross, layout_caves, serial_shops,
          nicolae_shop_tiny_waterfront, nicolae_orc_flooded_monolith
Vaults:1: vaults_room_door_hall, nicolae_vaults_network_periphery, v_misc_17,
          ontoclasm_vaults_twist, nicolae_vaults_sesquioval_fish,
          hangedman_vaults_corner_blocks, hangedman_vaults_slice,
          nicolae_vaults_cochlea, nicolae_vaults_trapezoid_1,
          nicolae_vaults_trapezoid_3, layout_vaults_chaotic_city, uniq_aizul,
          uniq_zenata
Vaults:2: hangedman_vaults_corner, minmay_crypt_entry_necro_gods,
          nicolae_vaults_trapezoid_4, grunt_vaults_funnel,
          nicolae_vaults_doubleplus_tesselated, nicolae_vaults_meiosis,
          v_misc_8, dpeg_vaults_monster_box, nicolae_vaults_closet_pinwheel_4,
          ontoclasm_vaults_loading_screen, nicolae_vaults_house_2,
          nicolae_vaults_trapezoid_lopsided_4, nicolae_vaults_hexular_roomagon,
          vaults_room_semicircle, nicolae_vaults_double_plus_1,
          ontoclasm_vaults_shuriken, layout_vaults_omnibox, serial_shops,
          shop_statue, nicolae_shop_rolling_square, shop,
          nicolae_shop_industrial_runoff, shop, uniq_margery

Notes
Turn   | Place    | Note
-------+----------+-------------------------------------------
     0 | D:1      | Drazool the Spriggan Hunter began the quest for the Orb.
     0 | D:1      | Reached XP level 1. HP: 10/10 MP: 2/2
    11 | D:1      | Noticed a minotaur zombie
    18 | D:1      | Noticed a merfolk zombie
    18 | D:1      | Noticed a demonspawn zombie
   269 | D:1      | Reached XP level 2. HP: 14/14 MP: 3/3
  1173 | D:2      | Reached skill level 5 in Ranged Weapons
  1210 | D:2      | Reached XP level 3. HP: 18/18 MP: 4/4
  1338 | D:2      | Reached XP level 4. HP: 22/22 MP: 5/5
  2206 | D:3      | Found Ylyfullu's Distillery.
  2212 | D:3      | Bought a potion of attraction for 36 gold pieces
  2212 | D:3      | Bought a potion of curing for 36 gold pieces
  2212 | D:3      | Bought a potion of brilliance for 48 gold pieces
  2212 | D:3      | Bought a potion of heal wounds for 60 gold pieces
  2255 | D:3      | Found a basalt altar of Yredelemnul.
  2416 | D:3      | Reached skill level 6 in Ranged Weapons
  2653 | D:3      | Noticed Natasha
  2656 | D:3      | Killed Natasha
  2794 | D:3      | Reached XP level 5. HP: 25/25 MP: 6/6
  3110 | D:4      | Found a staircase to the Ecumenical Temple.
  3117 | D:4      | Reached skill level 3 in Dodging
  3122 | Temple   | Entered the Ecumenical Temple
  3160 | Temple   | Became a worshipper of Fedhas Madash
  3723 | D:4      | Reached skill level 2 in Fighting
  3732 | D:4      | Found Edam Feje's Jewellery Boutique.
  3783 | D:4      | Found a sacrificial altar of Ru.
  3785 | D:4      | Found a shadowy altar of Dithmenos.
  3786 | D:4      | Found a broken altar of Ashenzari.
  3786 | D:4      | Found a glowing silver altar of Zin.
  3788 | D:4      | Found a white marble altar of Elyvilon.
  3944 | D:5      | Entered Level 5 of the Dungeon
  3944 | D:5      | Found Nashrousi's Book Emporium.
  4211 | D:5      | Reached skill level 4 in Dodging
  4288 | D:5      | Noticed Eustachio
  4289 | D:5      | Eustachio changed into Eustachio the centaur
  4289 | D:5      | Noticed Eustachio
  4413 | D:5      | Killed Eustachio the centaur
  4414 | D:5      | Reached skill level 5 in Dodging
  4414 | D:5      | Reached XP level 6. HP: 32/32 MP: 7/7
  4924 | D:5      | Reached * piety under Fedhas
  4925 | D:5      | Reached skill level 3 in Fighting
  4925 | D:5      | Reached skill level 6 in Dodging
  4925 | D:5      | Reached XP level 7. HP: 36/36 MP: 8/8
  4954 | D:5      | Reached skill level 1 in Invocations
  4954 | D:5      | Reached skill level 1 in Evocations
  5176 | D:5      | Reached skill level 2 in Evocations
  5847 | D:6      | Reached skill level 2 in Invocations
  5847 | D:6      | Reached skill level 3 in Evocations
  6121 | D:6      | Reached skill level 3 in Invocations
  6121 | D:6      | Reached skill level 4 in Evocations
  6383 | D:6      | Found a burning altar of Makhleb.
  6629 | D:6      | Reached skill level 5 in Evocations
  6629 | D:6      | Reached XP level 8. HP: 40/40 MP: 11/11
  6692 | D:7      | Reached skill level 4 in Invocations
  6826 | D:7      | Reached skill level 6 in Evocations
  6844 | D:7      | Noticed a hornet
  6920 | D:6      | Killed a hornet
  6921 | D:6      | Reached skill level 5 in Invocations
  7011 | D:7      | Reached skill level 7 in Evocations
  7035 | D:7      | Reached ** piety under Fedhas
  7098 | D:7      | Reached skill level 6 in Invocations
  7285 | D:7      | Reached skill level 8 in Evocations
  7397 | D:7      | Found a hide-covered altar of Uskayaw.
  7496 | D:8      | Reached XP level 9. HP: 44/44 MP: 14/14
  7522 | D:8      | Found a hazy altar of Hepliaklqana.
  8006 | D:8      | Reached skill level 9 in Evocations
  8016 | D:8      | Found a staircase to the Lair.
  8060 | D:8      | Reached skill level 7 in Invocations
  8180 | D:8      | Noticed a two-headed ogre
  8230 | D:8      | Killed a two-headed ogre
  8231 | D:8      | Reached skill level 7 in Dodging
  8281 | D:8      | Reached skill level 8 in Dodging
  8407 | D:8      | Reached skill level 10 in Evocations
  8513 | D:9      | Reached skill level 4 in Fighting
  8533 | D:9      | Reached skill level 9 in Dodging
  8642 | D:9      | Found a staircase to the Orcish Mines.
  8724 | D:9      | Found Wamueq's General Store.
  8746 | D:9      | Bought a +0 orcbow for 38 gold pieces
  8809 | D:9      | Reached XP level 10. HP: 39/50 MP: 16/16
  8834 | D:9      | Reached skill level 8 in Invocations
  8837 | D:9      | Reached *** piety under Fedhas
  9001 | D:10     | Entered Level 10 of the Dungeon
  9001 | D:10     | Noticed a two-headed ogre
  9006 | D:10     | Killed a two-headed ogre
  9054 | D:10     | Noticed a two-headed ogre
  9057 | D:10     | Killed a two-headed ogre
  9058 | D:10     | Reached skill level 10 in Dodging
  9073 | D:10     | Noticed Joseph
  9078 | D:10     | Noticed Psyche
  9079 | D:10     | Killed Joseph
  9080 | D:10     | Reached skill level 11 in Evocations
  9083 | D:10     | Killed Psyche
  9084 | D:10     | Reached skill level 5 in Fighting
  9084 | D:10     | Reached skill level 11 in Dodging
  9177 | D:10     | Reached skill level 9 in Invocations
  9278 | D:10     | Noticed a two-headed ogre
  9291 | D:10     | Killed a two-headed ogre
  9292 | D:10     | Reached skill level 12 in Dodging
  9385 | D:10     | Noticed Erica
  9420 | D:10     | Killed Erica
  9421 | D:10     | Reached XP level 11. HP: 56/56 MP: 18/18
  9588 | D:10     | Reached skill level 7 in Ranged Weapons
  9947 | Lair:1   | Entered Level 1 of the Lair of Beasts
  9997 | Lair:1   | Reached skill level 8 in Ranged Weapons
 10383 | Lair:1   | Reached skill level 9 in Ranged Weapons
 10588 | Lair:1   | Got A Beginning Course on the Mind of the Magus
 11234 | D:4      | Bought a ring of flight for 210 gold pieces
 11447 | Lair:1   | Noticed an obsidian statue
 11462 | Lair:1   | Noticed a soul eater
 11477 | Lair:1   | Noticed a soul eater
 11635 | Lair:1   | Killed an obsidian statue
 11636 | Lair:1   | Reached skill level 10 in Ranged Weapons
 11644 | Lair:1   | Identified the ring of Lust {EV+5 Int+4}
 11745 | Lair:2   | Noticed a seven-headed hydra
 11860 | Lair:2   | Reached skill level 11 in Ranged Weapons
 11906 | Lair:2   | Reached **** piety under Fedhas
 12124 | Lair:2   | Killed a seven-headed hydra
 12125 | Lair:2   | Reached skill level 12 in Ranged Weapons
 12125 | Lair:2   | Reached XP level 12. HP: 60/60 MP: 19/19
 12275 | Lair:2   | Found a staircase to the Snake Pit.
 12671 | Lair:3   | Reached skill level 13 in Ranged Weapons
 12781 | Lair:3   | Found a staircase to the Swamp.
 12791 | Lair:3   | Reached ***** piety under Fedhas
 13057 | Lair:3   | Reached skill level 14 in Ranged Weapons
 13238 | Lair:4   | Found a dark tunnel.
 13247 | Volcano  | Entered a volcano
 13421 | Volcano  | Reached skill level 15 in Ranged Weapons
 14205 | Lair:4   | Reached XP level 13. HP: 64/64 MP: 20/20
 14271 | Lair:4   | Reached skill level 16 in Ranged Weapons
 14344 | Lair:4   | Reached skill level 6 in Fighting
 14350 | Lair:4   | Reached skill level 13 in Dodging
 14718 | Lair:4   | Found a staircase to the Slime Pits.
 14722 | Lair:4   | Identified a +1 robe of the Archmagi
 14845 | Lair:5   | Entered Level 5 of the Lair of Beasts
 14864 | Lair:4   | Reached skill level 14 in Dodging
 14864 | Lair:4   | Reached skill level 10 in Invocations
 15143 | Lair:4   | Reached skill level 7 in Fighting
 15216 | Lair:5   | Reached skill level 15 in Dodging
 15596 | Lair:5   | Reached skill level 16 in Dodging
 15699 | Lair:5   | Reached skill level 11 in Invocations
 15723 | Lair:5   | Reached XP level 14. HP: 72/72 MP: 23/23
 15881 | Lair:5   | Reached skill level 8 in Fighting
 16004 | Lair:5   | Reached skill level 17 in Dodging
 16433 | Lair:5   | Found a large runed translucent door.
 16433 | Lair:5   | Found a large runed translucent door.
 17117 | Orc:1    | Entered Level 1 of the Orcish Mines
 17130 | Orc:1    | Reached ****** piety under Fedhas
 17168 | Orc:1    | You are sucked into a shaft and drop 1 floor!
 17168 | Orc:2    | Entered Level 2 of the Orcish Mines
 17168 | Orc:2    | Found Jareul's Antique Armour Emporium.
 17170 | Orc:2    | Noticed Saint Roka
 17434 | Orc:1    | Reached skill level 12 in Invocations
 17833 | Orc:2    | Found a staircase to the Elven Halls.
 17841 | Orc:2    | Found Ovvustirph's Distillery.
 18349 | Orc:2    | Reached skill level 9 in Fighting
 18376 | Orc:2    | Killed Saint Roka
 18508 | Orc:2    | Found Ponwocoo's General Store.
 18518 | Orc:2    | Bought a scroll of identify for 24 gold pieces
 18518 | Orc:2    | Bought a scroll of identify for 24 gold pieces
 18518 | Orc:2    | Bought 2 potions of magic for 192 gold pieces
 18518 | Orc:2    | Bought a potion of haste for 120 gold pieces
 18524 | Orc:2    | Identified 3 potions of resistance
 18537 | Orc:2    | Bought a potion of heal wounds for 75 gold pieces
 18537 | Orc:2    | Bought a potion of invisibility for 120 gold pieces
 18667 | Orc:2    | Reached skill level 18 in Dodging
 18866 | Orc:2    | Found Voywid's Antique Weapon Emporium.
 18881 | Orc:2    | Found Ynefij's Book Emporium.
 19194 | D:11     | Found Moagorin's Antique Armour Shop.
 19623 | D:11     | Identified a scroll of acquirement
 19624 | D:11     | Acquired a manual of Armour
 19967 | D:12     | Found a sacrificial altar of Ru.
 20150 | D:12     | Reached XP level 15. HP: 79/79 MP: 25/25
 20276 | D:12     | Found a frozen archway.
 20297 | IceCv    | Entered an ice cave
 21227 | D:12     | Found a runed translucent gate.
 21227 | D:12     | Found a runed translucent gate.
 21227 | D:12     | Found a runed translucent gate.
 21241 | D:12     | Noticed a fire giant
 21277 | D:12     | Found a runed translucent gate.
 21277 | D:12     | Found a runed translucent gate.
 21277 | D:12     | Found a runed translucent gate.
 21723 | D:13     | Reached skill level 17 in Ranged Weapons
 21759 | D:13     | Reached skill level 13 in Invocations
 22020 | D:13     | Reached skill level 10 in Fighting
 22238 | D:14     | Reached skill level 19 in Dodging
 22443 | D:14     | Identified the +5 scale mail of the Soldier {Fly rC+ rCorr
                  | Dex+3}
 22817 | D:14     | Found a gate to the Vaults.
 23107 | D:14     | Upgraded the game from 0.31-a0-145-g046c7d2549 to
                  | 0.31-a0-149-g3fdcc5976a
 23112 | D:15     | Entered Level 15 of the Dungeon
 23236 | D:15     | Noticed Louise
 23254 | D:15     | Killed Louise
 23316 | D:15     | Found a transporter.
 23316 | D:15     | Noticed Bekih's ghost (journeyman TeAE)
 23316 | D:15     | Noticed a frost giant
 23320 | D:15     | Found a transporter.
 23423 | D:15     | Found a staircase to the Depths.
 23538 | D:15     | Reached XP level 16. HP: 86/86 MP: 23/27
 24056 | Snake:1  | Entered Level 1 of the Snake Pit
 24220 | Snake:1  | Found Rolilolut's Armour Boutique.
 24646 | Snake:1  | Noticed Jorgrun
 24652 | Snake:1  | Killed Jorgrun
 24691 | Snake:1  | Reached skill level 14 in Invocations
 24964 | Snake:2  | Noticed Vashnia
 24974 | Snake:2  | Killed Vashnia
 24978 | Snake:2  | Reached skill level 11 in Fighting
 24983 | Snake:2  | Reached skill level 20 in Dodging
 25342 | Snake:2  | Reached skill level 18 in Ranged Weapons
 25855 | Snake:3  | Noticed Donald
 25887 | Snake:2  | Killed Donald
 25958 | Snake:3  | Found Itziu's Weapon Shoppe.
 26707 | Swamp:1  | Entered Level 1 of the Swamp
 26823 | Swamp:1  | Reached skill level 15 in Invocations
 26833 | Swamp:1  | Reached XP level 17. HP: 93/93 MP: 29/29
 26937 | Swamp:1  | Identified the +8 falchion of Victory {freeze, *Slow Fly
                  | rElec Str+3 SInv}
 27036 | Swamp:1  | Identified the +0 great sword of Lilunauw {spect, rElec
                  | Str+4 Int+3}
 27299 | Lair:3   | Reached skill level 1 in Armour
 27342 | Swamp:2  | Reached skill level 2 in Armour
 27450 | Swamp:2  | Reached skill level 3 in Armour
 27964 | Swamp:2  | Learned a level 3 spell: Portal Projectile
 28052 | Swamp:3  | Reached skill level 1 in Translocations
 28170 | Swamp:3  | Reached skill level 4 in Armour
 28170 | Swamp:3  | Reached skill level 1 in Hexes
 28245 | Swamp:3  | Reached skill level 2 in Translocations
 28263 | Swamp:3  | Reached skill level 2 in Hexes
 28438 | Swamp:3  | Reached skill level 3 in Translocations
 28616 | Swamp:3  | Reached skill level 3 in Hexes
 28649 | Swamp:3  | Reached skill level 5 in Armour
 28649 | Swamp:3  | Reached skill level 4 in Translocations
 29142 | Snake:4  | Entered Level 4 of the Snake Pit
 29143 | Snake:4  | Found a basalt altar of Yredelemnul.
 29272 | Snake:4  | Reached skill level 4 in Hexes
 29272 | Snake:4  | Reached skill level 5 in Translocations
 29662 | Snake:4  | Reached skill level 6 in Armour
 29696 | Snake:4  | Reached skill level 6 in Translocations
 29706 | Snake:4  | Reached skill level 5 in Hexes
 29805 | Snake:4  | Reached skill level 7 in Translocations
 29807 | Snake:4  | Acquired the +6 buckler of Altruism {rC++ Str-4}
 30303 | Snake:4  | Reached skill level 6 in Hexes
 30326 | Snake:4  | Reached skill level 7 in Armour
 30551 | Snake:4  | Reached skill level 8 in Translocations
 30559 | Snake:4  | Got a serpentine rune of Zot
 30783 | Swamp:4  | Entered Level 4 of the Swamp
 31381 | Swamp:4  | Noticed a tentacled monstrosity
 31435 | Swamp:4  | Killed a tentacled monstrosity
 31466 | Swamp:4  | Reached skill level 1 in Shields
 31506 | Swamp:4  | Reached skill level 8 in Armour
 31612 | Swamp:4  | Reached skill level 2 in Shields
 31736 | Swamp:4  | Reached XP level 18. HP: 98/98 MP: 30/30
 31818 | Swamp:4  | Reached skill level 3 in Shields
 31843 | Swamp:4  | Reached skill level 9 in Armour
 32104 | Swamp:4  | Got a decaying rune of Zot
 32405 | Vaults:1 | Entered Level 1 of the Vaults
 32453 | Vaults:1 | Reached skill level 4 in Shields
 32569 | Vaults:1 | Reached skill level 10 in Armour
 32995 | Vaults:1 | Reached skill level 5 in Shields
 33680 | Vaults:1 | Noticed Zenata
 33690 | Vaults:1 | Killed Zenata
 33826 | Vaults:1 | Noticed Aizul
 33839 | Vaults:1 | Killed Aizul
 33840 | Vaults:1 | Reached skill level 11 in Armour
 33997 | Vaults:2 | Reached skill level 6 in Shields
 34069 | Vaults:2 | Found Liliapn's Distillery.
 34075 | Vaults:2 | Bought a potion of heal wounds for 65 gold pieces
 34075 | Vaults:2 | Bought a potion of haste for 130 gold pieces
 34075 | Vaults:2 | Bought a potion of heal wounds for 65 gold pieces
 34075 | Vaults:2 | Bought a potion of cancellation for 104 gold pieces
 34075 | Vaults:2 | Bought a potion of heal wounds for 65 gold pieces
 34251 | Vaults:2 | Identified the +6 trident of Annihilation {protect, Int+2}
 34481 | Vaults:2 | Found Dosill's General Store.
 34487 | Vaults:2 | Bought a potion of haste for 230 gold pieces
 34487 | Vaults:2 | Bought 2 scrolls of blinking for 345 gold pieces
 34487 | Vaults:2 | Bought a scroll of enchant weapon for 172 gold pieces
 34510 | Vaults:2 | Noticed Margery
 34524 | Vaults:2 | Reached skill level 7 in Shields
 34528 | Vaults:2 | Killed from afar by Margery

Vanquished Creatures
  Jorgrun (Snake:1)
  Zenata (Vaults:1)
  A tentacled monstrosity (Swamp:4)
  A sphinx (Vaults:1)
  Donald (Snake:2)
  3 nagarajas (Snake:4)
  A vault warden (Vaults:1)
  Aizul (Vaults:1)
  Louise (D:15)
  A reaper (IceCv)
  5 ghouls
  6 ironbound preservers
  4 eleionomae
  2 ironbound thunderhulks (Vaults:2)
  2 bunyips
  A fire dragon (Lair:5)
  2 ettins (D:13)
  3 yaktaur captains
  2 entropy weavers (Vaults:1)
  2 great orbs of eyes (Vaults:2)
  2 salamander tyrants (Snake:4)
  6 ironbound frosthearts
  6 vault guards
  22 hydras
  An ogre mage (D:14)
  An ice dragon (Lair:5)
  A catoblepas (D:13)
  2 ghost crabs
  7 centaur warriors
  5 two-headed ogres
  Erica (D:10)
  5 death yaks
  5 boulder beetles
  6 anacondas
  7 alligators
  An orc high priest (Orc:2)
  2 tengu warriors (D:14)
  8 naga warriors
  A titan zombie (D:15)
  3 shock serpents
  2 spriggan berserkers (Swamp:4)
  A deep elf knight (D:14)
  A fire crab (Lair:5)
  15 naga sharpshooters
  6 skeletal warriors
  5 salamander mystics
  3 spriggan druids
  A skyshark (Lair:4)
  3 goliath frogs
  A spark wasp zombie (D:15)
  A flayed ghost (D:15)
  12 swamp dragons
  6 naga ritualists
  7 deep trolls
  A lindwurm (Vaults:2)
  5 bog bodies
  2 wizards
  An obsidian statue (Lair:1)
  8 ironbound convokers
  A necromancer (D:15)
  5 orc sorcerers
  2 anaconda skeletons (Volcano)
  5 orc knights
  7 salamanders
  6 mana vipers
  12 ugly things
  3 deep elf pyromancers
  A fire giant zombie (D:15)
  7 cyclopes
  A will-o-the-wisp (Swamp:3)
  4 manticores
  A moth of wrath (shapeshifter) (D:15)
  21 elephants
  3 guardian serpents (Snake:4)
  3 ice statues
  10 naga magi
  12 gargoyles
  27 black mambas
  3 molten gargoyles
  A torpor snail (Lair:3)
  12 cane toads
  6 vault sentinels
  Psyche (D:10)
  Joseph (D:10)
  A yaktaur (shapeshifter) (D:12)
  13 komodo dragons
  A freezing wraith (IceCv)
  5 rime drakes
  11 yaktaurs
  A spriggan skeleton (D:15)
  3 meliai (D:14)
  6 ice devils (IceCv)
  5 polar bears
  2 bloated husks
  7 tyrant leeches
  11 trolls
  6 hornets
  2 harpy skeletons (Volcano)
  13 blink frogs
  9 dream sheep
  21 slime creatures
  3 flying skulls (Volcano)
  7 wyverns
  A wraith (D:12)
  An alligator skeleton (Volcano)
  6 spriggans
  2 vampires
  5 basilisks
  56 yaks
  2 steam dragons (Lair:5)
  12 vampire mosquitoes
  A redback simulacrum (D:15)
  3 wargs
  31 nagas
  3 acid dragons
  A harpy simulacrum (IceCv)
  A hydra simulacrum (IceCv)
  12 swamp worms
  5 hell hounds (Lair:5)
  8 water moccasins
  7 swamp drakes
  A black bear (D:5)
  11 ice beasts
  4 sky beasts
  7 ogres
  16 orc warriors
  15 centaurs
  4 kobold brigands
  5 bullfrogs
  A necrophage (Swamp:4)
  A cane toad simulacrum (IceCv)
  2 scorpions
  2 elephant simulacra (IceCv)
  A killer bee (D:9)
  3 howler monkeys
  3 troll skeletons (Volcano)
  2 electric eels
  7 lava snakes
  A hound (D:6)
  19 orc priests
  5 jellies
  2 gnoll boudas
  Natasha (D:3)
  17 orc wizards
  3 spriggan simulacra (IceCv)
  2 polar bear simulacra (IceCv)
  4 troll simulacra (IceCv)
  2 naga skeletons (Volcano)
  7 adders
  13 gnolls
  3 naga simulacra (IceCv)
  A white imp (Lair:5)
  4 ufetubi (IceCv)
  4 worms
  2 dart slugs
  35 orcs
  4 ball pythons
  5 bats
  3 endoplasms
  A giant cockroach (D:4)
  5 goblins
  10 hobgoblins
  7 jackals
  5 quokkas
  3 frilled lizards
  27 kobolds
  2 rats
935 creatures vanquished.

Vanquished Creatures (collateral kills)
  Saint Roka (Orc:2)
  Vashnia (Snake:2)
  A sphinx (Vaults:2)
  A vault warden (Vaults:2)
  An ironbound preserver (Vaults:1)
  A vault guard (Vaults:1)
  A death yak (Lair:4)
  A naga sharpshooter (Snake:2)
  3 spriggans (Swamp:1)
  A goliath frog (Swamp:1)
  A skeletal warrior (Volcano)
  A spriggan druid (Swamp:1)
  A swamp dragon (Swamp:1)
  6 deep trolls
  A naga ritualist (Snake:4)
  A salamander (Snake:4)
  4 black mambas
  An elephant (Lair:4)
  A guardian serpent (Snake:4)
  A naga mage (Snake:2)
  A vault sentinel (Vaults:2)
  A cane toad (Lair:2)
  4 hornets (Swamp:1)
  A slime creature (D:13)
  2 wyverns (Lair:5)
  4 yaks
  A naga (Snake:4)
  2 swamp worms (Swamp:1)
  A water moccasin (D:9)
  An orc warrior (Orc:2)
  An ogre (Orc:1)
  5 killer bees
  An orc priest (Orc:2)
  An orc wizard (Orc:2)
  A naga skeleton (Volcano)
  6 orcs
63 creatures vanquished.

Vanquished Creatures (others)
  2 thorn hunters
  A ghoul (Swamp:3)
  3 shambling mangroves
  A hydra (Swamp:4)
  2 ghost crabs
  A goliath frog (Swamp:4)
  2 swamp dragons (Swamp:4)
  2 bloated husks
  4 hornets
  2 tyrant leeches
  A spriggan (Swamp:4)
  2 swamp worms
  A swamp drake (Swamp:4)
  A necrophage (Swamp:4)
  An orc wizard (Orc:2)
26 creatures vanquished.

Grand Total: 1024 creatures vanquished

Table legend: (Time is in decaauts)
 A = Elapsed time spent in this place.
 B = Non-inter-level travel time spent in this place.
 C = Inter-level travel time spent in this place.
 D = Time resting spent in this place.
 E = Time spent auto-exploring this place.
 F = Levels seen in this place.
 G = Mean time per level.
                   A        B        C        D        E       F      G
               +--------+--------+--------+--------+--------+-----+--------+
         Total |  24623 |  22195 |   2428 |   1376 |  13431 |  35 |  703.5 |
       Dungeon |  10341 |   9289 |   1052 |    150 |   6496 |  15 |  689.4 |
        Temple |     33 |     24 |      9 |      0 |     14 |   1 |   33.0 |
          Lair |   5066 |   4298 |    768 |    178 |   2321 |   5 | 1013.2 |
         Swamp |   2510 |   2231 |    279 |    316 |   1108 |   4 |  627.5 |
     Snake Pit |   2858 |   2643 |    215 |    313 |   1548 |   4 |  714.5 |
  Orcish Mines |   1383 |   1320 |     63 |    209 |    714 |   2 |  691.5 |
        Vaults |   1588 |   1548 |     40 |    147 |    810 |   2 |  794.0 |
      Ice Cave |    366 |    366 |      0 |     62 |    126 |   1 |  366.0 |
       Volcano |    475 |    475 |      0 |      0 |    289 |   1 |  475.0 |
               +--------+--------+--------+--------+--------+-----+--------+

Top non-repeatable levels by time:
  Lair:1: 1398 daAuts
  Lair:5: 1356 daAuts
     D:5: 1188 daAuts
Vaults:1: 1143 daAuts
 Snake:4: 1008 daAuts
 Swamp:3: 979 daAuts
  Lair:4: 876 daAuts
  Lair:3: 869 daAuts
   Orc:2: 855 daAuts
    D:14: 838 daAuts
    D:12: 812 daAuts
     D:8: 810 daAuts
     D:1: 753 daAuts
    D:10: 743 daAuts
     D:6: 737 daAuts

Table legend:
 A = Non-vault XP
 B = Vault XP
 C = Vault XP percentage of total XP
 D = Non-vault monster count
 E = Vault monster count
 F = Vault count percentage of total count
                 A         B        C        D         E       F
            +---------+---------+-------+---------+---------+-------
      Total |  219888 |  145629 |  39.8 |     684 |     317 |  31.7
            +---------+---------+-------+---------+---------+-------
        D:1 |      32 |       3 |   8.6 |      10 |       2 |  16.7
        D:2 |      88 |       0 |   0.0 |      25 |       0 |   0.0
        D:3 |      39 |      36 |  48.0 |      16 |       1 |   5.9
        D:4 |      93 |       0 |   0.0 |      18 |       0 |   0.0
        D:5 |     553 |     110 |  16.6 |      20 |       1 |   4.8
        D:6 |     941 |      45 |   4.6 |       9 |       1 |  10.0
        D:7 |     858 |       0 |   0.0 |      14 |       0 |   0.0
        D:8 |    1692 |     230 |  12.0 |      19 |       2 |   9.5
        D:9 |    1006 |       0 |   0.0 |      20 |       0 |   0.0
       D:10 |    4621 |    1633 |  26.1 |      18 |       3 |  14.3
       D:11 |    2049 |       0 |   0.0 |      10 |       0 |   0.0
       D:12 |    5107 |    5926 |  53.7 |      20 |      16 |  44.4
       D:13 |    8411 |    3033 |  26.5 |      27 |       5 |  15.6
       D:14 |    7714 |    6726 |  46.6 |      20 |      10 |  33.3
       D:15 |    9877 |    6448 |  39.5 |      20 |       9 |  31.0
     Lair:1 |    4802 |     782 |  14.0 |      19 |       2 |   9.5
     Lair:2 |    3863 |    1305 |  25.3 |      13 |       6 |  31.6
     Lair:3 |    8522 |     487 |   5.4 |      26 |       3 |  10.3
     Lair:4 |   15169 |     550 |   3.5 |      33 |       4 |  10.8
     Lair:5 |   17679 |   11315 |  39.0 |      59 |      43 |  42.2
    Swamp:1 |   10155 |       0 |   0.0 |      22 |       0 |   0.0
    Swamp:2 |    5381 |     403 |   7.0 |      14 |       3 |  17.6
    Swamp:3 |   20988 |    1712 |   7.5 |      32 |       2 |   5.9
    Swamp:4 |   13338 |   15700 |  54.1 |      19 |      25 |  56.8
    Snake:1 |    6357 |    6659 |  51.2 |      17 |       9 |  34.6
    Snake:2 |   11160 |    8846 |  44.2 |      23 |      11 |  32.4
    Snake:3 |   15560 |       0 |   0.0 |      29 |       0 |   0.0
    Snake:4 |    4363 |   23907 |  84.6 |       7 |      38 |  84.4
      Orc:1 |    3850 |       0 |   0.0 |      37 |       0 |   0.0
      Orc:2 |    2879 |    8970 |  75.7 |      24 |      32 |  57.1
   Vaults:1 |   22420 |   13003 |  36.7 |      32 |      16 |  33.3
   Vaults:2 |   10321 |   15771 |  60.4 |      12 |      21 |  63.6
      IceCv |       0 |    5375 | 100.0 |       0 |      31 | 100.0
    Volcano |       0 |    6654 | 100.0 |       0 |      21 | 100.0
            +---------+---------+-------+---------+---------+-------
